NWL (28 & UNDER)
BALZAC RAMS @ CULVER CITY EXTRAS
06/09/2023
 
TOP OF THE 1ST
Balzac Rams batting - Pitching for Culver City Extras : RHP Arthur Sullivan
Pitching: RHP Arthur Sullivan
Batting: RHB Eduardo García 0-0: Ball
1-0: Swinging Strike
1-1: Ball
2-1: Ball
3-1: Base on Balls
Batting: RHB Luis González 0-0: Ball
1-0: SINGLE (Groundball, 34)
Eduardo García to second
Throwing error, E9
Eduardo García scores
Luis González to second
Batting: SHB Chris Bennis 0-0: Foul Ball, location: 2F
0-1: Ball
1-1: Ball
2-1: Ball
3-1: Called Strike
3-2: 2-RUN HOME RUN (Flyball, 89XD), Distance : 433 ft
Batting: LHB Juan Carlos Sánchez 0-0: Called Strike
0-1: Ball
1-1: Foul Ball, location: 2F
1-2: Strikes out swinging
Batting: RHB Kent O'Cloonan 0-0: Fly out, F9 (Flyball, 9LD)
Batting: LHB José Berroa 0-0: Ball
1-0: Foul Ball, location: 2F
1-1: Foul Ball, location: 2F
1-2: Ground out 4-3 (Groundball, 4)
Top of the 1st over - 3 run(s), 2 hit(s), 1 error(s), 0 left on base; Balzac 3 - Culver City 0
BOTTOM OF THE 1ST
Culver City Extras batting - Pitching for Balzac Rams : RHP Savino Ammanati
Pitching: RHP Savino Ammanati
Batting: RHB Sergio Pujols 0-0: Ball
1-0: Foul Ball, location: 2F
1-1: Foul Ball, location: 2F
1-2: Ball
2-2: Ball
3-2: SINGLE (Line Drive, 4D)
Batting: RHB Armando Pagán 0-0: Foul Ball, location: 2F
0-1: Ball
1-1: Foul Ball, location: 2F
1-2: Ball
2-2: Strikes out swinging
Batting: LHB Jason Lambert 0-0: Called Strike
0-1: Swinging Strike
0-2: Ball
1-2: Ball
2-2: Foul Ball, location: 2F
2-2: Ball
3-2: Strikes out swinging
Sergio Pujols is caught stealing 2nd base
Batter strikes out.
Bottom of the 1st over - 0 run(s), 1 hit(s), 0 error(s), 0 left on base; Balzac 3 - Culver City 0
TOP OF THE 2ND
Balzac Rams batting - Pitching for Culver City Extras : RHP Arthur Sullivan
Batting: LHB Tomás Trinidad 0-0: Called Strike
0-1: Ball
1-1: Foul Ball, location: 2F
1-2: Strikes out swinging
Batting: LHB Ryan Drake 0-0: SOLO HOME RUN (Flyball, 7D), Distance : 378 ft
Batting: RHB Dave Craig 0-0: Called Strike
0-1: Ground out 3-1 (Groundball, 34)
Batting: RHB Eduardo García 0-0: Foul Ball, location: 2F
0-1: Ball
1-1: Ground out 5-3 (Groundball, 15S)
Top of the 2nd over - 1 run(s), 1 hit(s), 0 error(s), 0 left on base; Balzac 4 - Culver City 0
BOTTOM OF THE 2ND
Culver City Extras batting - Pitching for Balzac Rams : RHP Savino Ammanati
Batting: RHB Ricardo Cabrera 0-0: Swinging Strike
0-1: Foul Ball, location: 2F
0-2: Ball
1-2: Strikes out swinging
Batting: RHB Salvador Medine 0-0: Foul Ball, location: 2F
0-1: Foul Ball, location: 2F
0-2: Foul Ball, location: 2F
0-2: Ball
1-2: Fly out, F5 (Popup, 56)
Batting: LHB Stan Bates 0-0: Ball
1-0: Ball
2-0: Ball
3-0: Called Strike
3-1: Base on Balls
Batting: RHB Oscar Rudd 0-0: Fly out, F5 (Popup, 25F)
Bottom of the 2nd over - 0 run(s), 0 hit(s), 0 error(s), 1 left on base; Balzac 4 - Culver City 0
TOP OF THE 3RD
Balzac Rams batting - Pitching for Culver City Extras : RHP Arthur Sullivan
Batting: RHB Luis González 0-0: Called Strike
0-1: Foul Ball, location: 2F
0-2: Ball
1-2: Ball
2-2: Foul Ball, location: 2F
2-2: Ball
3-2: Ground out 4-3 (Groundball, 4)
Batting: SHB Chris Bennis 0-0: Called Strike
0-1: Fly out, F7 (Flyball, 78M)
Batting: LHB Juan Carlos Sánchez 0-0: Ball
1-0: Ground out U3 (Groundball, 3S)
Top of the 3rd over - 0 run(s), 0 hit(s), 0 error(s), 0 left on base; Balzac 4 - Culver City 0
BOTTOM OF THE 3RD
Culver City Extras batting - Pitching for Balzac Rams : RHP Savino Ammanati
Batting: RHB Enrique Flores 0-0: Called Strike
0-1: Ball
1-1: SINGLE (Groundball, 6) (infield hit)
Batting: RHB Francisco Rodríguez 0-0: Ball
1-0: Fly out, F8 (Flyball, 8LM)
Batting: RHB Sergio Pujols 0-0: Called Strike
0-1: Swinging Strike
0-2: Ball
1-2: Ball
2-2: SINGLE (Line Drive, 8RS)
Enrique Flores to second
Batting: RHB Armando Pagán 0-0: Grounds into double play, 4-6-3 (Groundball, 34)
Bottom of the 3rd over - 0 run(s), 2 hit(s), 0 error(s), 1 left on base; Balzac 4 - Culver City 0
TOP OF THE 4TH
Balzac Rams batting - Pitching for Culver City Extras : RHP Arthur Sullivan
Batting: RHB Kent O'Cloonan 0-0: Ball
1-0: Ball
2-0: Ball
3-0: Base on Balls
Batting: LHB José Berroa 0-0: Ball
Kent O'Cloonan steals 2nd base
1-0: Ball
2-0: Ground out 3-6 (Groundball, 3S)
Kent O'Cloonan to third
Batting: LHB Tomás Trinidad 0-0: Ball
1-0: Called Strike
1-1: Foul Ball, location: 2F
1-2: Ball
2-2: Foul Ball, location: 2F
2-2: Ground out 5-3 (Groundball, 56)
Kent O'Cloonan scores
Batting: LHB Ryan Drake 0-0: Ball
1-0: Ball
2-0: Foul Ball, location: 2F
2-1: Foul Ball, location: 2F
2-2: Foul Ball, location: 2F
2-2: SINGLE (Flyball, 8LS)
Batting: RHB Dave Craig 0-0: Ball
1-0: Ball
2-0: Ball
3-0: Base on Balls
Ryan Drake to second
Batting: RHB Eduardo García 0-0: Ball
1-0: Fly out, F3 (Line Drive, 34)
Top of the 4th over - 1 run(s), 1 hit(s), 0 error(s), 2 left on base; Balzac 5 - Culver City 0
BOTTOM OF THE 4TH
Culver City Extras batting - Pitching for Balzac Rams : RHP Savino Ammanati
Batting: LHB Jason Lambert 0-0: Called Strike
0-1: Ball
1-1: Foul Ball, location: 2F
1-2: Strikes out swinging
Batting: RHB Ricardo Cabrera 0-0: Foul Ball, location: 2F
0-1: Foul Ball, location: 2F
0-2: Foul Ball, location: 2F
0-2: Ball
1-2: Ball
2-2: Ball
3-2: Foul Ball, location: 2F
3-2: Foul Ball, location: 2F
3-2: Strikes out swinging
Batting: RHB Salvador Medine 0-0: Fly out, F9 (Flyball, 9LM)
Bottom of the 4th over - 0 run(s), 0 hit(s), 0 error(s), 0 left on base; Balzac 5 - Culver City 0
TOP OF THE 5TH
Balzac Rams batting - Pitching for Culver City Extras : RHP Arthur Sullivan
Batting: RHB Luis González 0-0: Called Strike
0-1: Ball
1-1: Foul Ball, location: 2F
1-2: Foul Ball, location: 2F
1-2: Ball
2-2: SINGLE (Groundball, 4M)
Batting: SHB Chris Bennis 0-0: Foul Ball, location: 2F
0-1: Called Strike
0-2: SINGLE (Groundball, 6M)
Luis González to second
Batting: LHB Juan Carlos Sánchez 0-0: Called Strike
0-1: Ball
1-1: 3-RUN HOME RUN (Flyball, 9LD), Distance : 352 ft
Pitching: RHP Pedro Días
Batting: RHB Kent O'Cloonan 0-0: Swinging Strike
0-1: Ball
1-1: Foul Ball, location: 2F
1-2: Strikes out swinging
Batting: LHB José Berroa 0-0: Called Strike
0-1: Ball
1-1: Fly out, F8 (Flyball, 89D)
Batting: LHB Tomás Trinidad 0-0: Ball
1-0: Fly out, F8 (Flyball, 8LS)
Top of the 5th over - 3 run(s), 3 hit(s), 0 error(s), 0 left on base; Balzac 8 - Culver City 0
BOTTOM OF THE 5TH
Culver City Extras batting - Pitching for Balzac Rams : RHP Savino Ammanati
Batting: LHB Stan Bates 0-0: Ball
1-0: Foul Ball, location: 2F
1-1: Called Strike
1-2: Strikes out looking
Batting: RHB Oscar Rudd 0-0: Foul Ball, location: 2F
0-1: Swinging Strike
0-2: SINGLE (Line Drive, 4MD)
Batting: RHB Enrique Flores 0-0: Ball
1-0: Called Strike
Oscar Rudd steals 2nd base
1-1: Ball
2-1: SINGLE (Flyball, 89S)
Oscar Rudd to third
Runner from 3rd tries for Home, SAFE, no throw or cutoff
Batting: RHB Francisco Rodríguez 0-0: Ball
1-0: Ball
2-0: SINGLE (Flyball, 8RS)
Enrique Flores to second
Runner from 2nd tries for 3rd, SAFE, throw made to third
Francisco Rodríguez to second
Batting: RHB Sergio Pujols 0-0: Ball
1-0: Ball
2-0: Foul Ball, location: 2F
2-1: Swinging Strike
2-2: Fly out, F8 (Flyball, 8LM)
Runner from 3rd tags up, SCORES, no throw
Batting: RHB Armando Pagán 0-0: Ground out 4-3 (Groundball, 4)
Bottom of the 5th over - 2 run(s), 3 hit(s), 0 error(s), 1 left on base; Balzac 8 - Culver City 2
TOP OF THE 6TH
Balzac Rams batting - Pitching for Culver City Extras : RHP Pedro Días
Batting: LHB Ryan Drake 0-0: Swinging Strike
0-1: Ball
1-1: Swinging Strike
1-2: Ball
2-2: Ball
3-2: Strikes out swinging
Batting: RHB Dave Craig 0-0: Foul Ball, location: 2F
0-1: Ball
1-1: Swinging Strike
1-2: Ball
2-2: Foul Ball, location: 2F
2-2: Strikes out swinging
Batting: RHB Eduardo García 0-0: Called Strike
0-1: Swinging Strike
0-2: Ground out 6-3 (Groundball, 6)
Top of the 6th over - 0 run(s), 0 hit(s), 0 error(s), 0 left on base; Balzac 8 - Culver City 2
BOTTOM OF THE 6TH
Culver City Extras batting - Pitching for Balzac Rams : RHP Savino Ammanati
Batting: LHB Jason Lambert 0-0: Swinging Strike
0-1: Swinging Strike
0-2: Ball
1-2: Ball
2-2: Foul Ball, location: 2F
2-2: Foul Ball, location: 2F
2-2: SOLO HOME RUN (Line Drive, 9D), Distance : 418 ft
Batting: RHB Ricardo Cabrera 0-0: Ball
1-0: Ball
2-0: Fly out, F8 (Line Drive, 8LM)
Batting: RHB Salvador Medine 0-0: Called Strike
0-1: Called Strike
0-2: Strikes out swinging
Batting: LHB Stan Bates 0-0: Fly out, F8 (Flyball, 8LD)
Bottom of the 6th over - 1 run(s), 1 hit(s), 0 error(s), 0 left on base; Balzac 8 - Culver City 3
TOP OF THE 7TH
Balzac Rams batting - Pitching for Culver City Extras : RHP Pedro Días
Pitching: RHP Jeffrey Campbell
Batting: RHB Luis González 0-0: Ball
1-0: Fly out, F8 (Flyball, 8RM)
Batting: SHB Chris Bennis 0-0: Ground out U3 (Groundball, 3S)
Batting: LHB Juan Carlos Sánchez 0-0: Foul Ball, location: 2F
0-1: Ball
1-1: Ball
2-1: Ball
3-1: Foul Ball, location: 2F
3-2: Foul Ball, location: 2F
3-2: SINGLE (Line Drive, 9LS)
Batting: RHB Kent O'Cloonan 0-0: Called Strike
0-1: Swinging Strike
0-2: DOUBLE (Line Drive, 7LS)
Juan Carlos Sánchez to third
Runner from 3rd tries for Home, throw and OUT!
Top of the 7th over - 0 run(s), 2 hit(s), 0 error(s), 1 left on base; Balzac 8 - Culver City 3
BOTTOM OF THE 7TH
Culver City Extras batting - Pitching for Balzac Rams : RHP Savino Ammanati
Batting: RHB Oscar Rudd 0-0: Fly out, F8 (Flyball, 8LM)
Batting: RHB Enrique Flores 0-0: Called Strike
0-1: Ball
1-1: Foul Ball, location: 2F
1-2: Ball
2-2: SINGLE (Line Drive, 78S)
Pitching: RHP David Elías
Batting: RHB Francisco Rodríguez 0-0: Called Strike
Enrique Flores steals 2nd base
0-1: Foul Ball, location: 2F
0-2: Strikes out swinging
Batting: RHB Sergio Pujols 0-0: Foul Ball, location: 2F
0-1: Ground out 4-3 (Groundball, 4)
Bottom of the 7th over - 0 run(s), 1 hit(s), 0 error(s), 1 left on base; Balzac 8 - Culver City 3
TOP OF THE 8TH
Balzac Rams batting - Pitching for Culver City Extras : RHP Jeffrey Campbell
Batting: LHB José Berroa 0-0: Called Strike
0-1: Foul Ball, location: 2F
0-2: Ground out 6-3 (Groundball, 6M)
Batting: LHB Tomás Trinidad 0-0: Called Strike
0-1: Called Strike
0-2: Ball
1-2: Ground out U3 (Groundball, 3S)
Batting: LHB Ryan Drake 0-0: Called Strike
0-1: Ball
1-1: Foul Ball, location: 2F
1-2: Strikes out swinging
Top of the 8th over - 0 run(s), 0 hit(s), 0 error(s), 0 left on base; Balzac 8 - Culver City 3
BOTTOM OF THE 8TH
Culver City Extras batting - Pitching for Balzac Rams : RHP David Elías
Batting: RHB Armando Pagán 0-0: Called Strike
0-1: Ground out 4-3 (Groundball, 4)
Batting: LHB Jason Lambert 0-0: Fly out, F8 (Flyball, 8LXD)
Batting: RHB Ricardo Cabrera 0-0: Ball
1-0: Foul Ball, location: 2F
1-1: Ball
2-1: SOLO HOME RUN (Flyball, 7D), Distance : 371 ft
Batting: RHB Salvador Medine 0-0: SOLO HOME RUN (Flyball, 8RXD), Distance : 435 ft
Batting: LHB Stan Bates 0-0: Ball
1-0: Foul Ball, location: 2F
1-1: SINGLE (Groundball, 5D)
Pitching: RHP Shiki Kanno
Batting: RHB Oscar Rudd 0-0: Ball
1-0: Ball
2-0: Ball
3-0: Called Strike
3-1: Fielders Choice at 2nd, U6 (Groundball, 6M)
Bottom of the 8th over - 2 run(s), 3 hit(s), 0 error(s), 1 left on base; Balzac 8 - Culver City 5
TOP OF THE 9TH
Balzac Rams batting - Pitching for Culver City Extras : RHP Jeffrey Campbell
Batting: RHB Dave Craig 0-0: Called Strike
0-1: Ball
1-1: Foul Ball, location: 2F
1-2: Ball
2-2: Ball
3-2: Foul Ball, location: 2F
3-2: Base on Balls
Batting: RHB Eduardo García 0-0: Foul Ball, location: 2F
0-1: Called Strike
0-2: Fielders Choice at 2nd, 4-6 (Groundball, 4)
Batting: RHB Luis González 0-0: Ball
1-0: SINGLE (Line Drive, 7S)
Eduardo García to second
Batting: SHB Chris Bennis 0-0: Ball
1-0: Foul Ball, location: 2F
1-1: Foul Ball, location: 2F
1-2: Ball
2-2: Ball
3-2: Foul Ball, location: 2F
3-2: Foul Ball, location: 2F
3-2: Strikes out swinging
Batting: LHB Juan Carlos Sánchez 0-0: Swinging Strike
0-1: Called Strike
0-2: Strikes out swinging
Top of the 9th over - 0 run(s), 1 hit(s), 0 error(s), 2 left on base; Balzac 8 - Culver City 5
BOTTOM OF THE 9TH
Culver City Extras batting - Pitching for Balzac Rams : RHP Shiki Kanno
Pitching: LHP José Gallegos
Now at 1B: Ramón Torres
Now in LF: William Wolf
Batting: RHB Enrique Flores 0-0: Foul Ball, location: 2F
0-1: Ball
1-1: SINGLE (Groundball, 6M)
Batting: RHB Francisco Rodríguez 0-0: Swinging Strike
0-1: SINGLE (Groundball, 4MD)
Enrique Flores to second
Runner from 2nd tries for 3rd, SAFE, no throw or cutoff
Pinch Hitting: RHB Mario López 0-0: Ball
1-0: Foul Ball, location: 2F
1-1: Ground out 5-3 (Groundball, 56S)
Enrique Flores scores
Francisco Rodríguez to second
Pinch Hitting: RHB Max Rash 0-0: Called Strike
0-1: Ball
1-1: Foul Ball, location: 2F
1-2: Ball
2-2: Ground out 6-3 (Groundball, 4M)
Francisco Rodríguez to third
Pinch Hitting: RHB Marvin Workman 0-0: Ball
1-0: Called Strike
1-1: Called Strike
1-2: Ball
2-2: Strikes out swinging
Bottom of the 9th over - 1 run(s), 2 hit(s), 0 error(s), 1 left on base; Balzac 8 - Culver City 6
This league is powered by Out of the Park Baseball, the baseball management simulation game for PC, Mac and Linux
Wednesday, December 2nd, 2015 - OOTP Baseball 16.8 Build 38